 Dungeon Crawl Stone Soup version 0.20-a0-449-g96be121 (webtiles) character file.

18453 Amnesiac the Nimble (level 12, -2/93 HPs)
             Began as a Mummy Enchanter on Jan 7, 2017.
             Was an Initiate of Gozag.
             Slain by a water elemental (13 damage)
             ... on level 10 of the Dungeon.
             The game lasted 00:30:21 (13662 turns).

Amnesiac the Nimble (Mummy Enchanter)              Turns: 13662, Time: 00:30:21

Health: -2/93      AC: 11    Str: 11    XL:     12   Next: 27%
Magic:  24/24      EV: 20    Int: 16    God:    Gozag
Gold:   2329       SH:  0    Dex: 22    Spells: 18/27 levels left

rFire  . . .     SeeInvis .     t - +3 short sword (elec)
rCold  + . .     Gourm    .     F - +0 leather armour {rF+}
rNeg   + + +     Faith    .     (no shield)
rPois  ∞         Spirit   .     v - +2 helmet "Qats" {*Drain rElec Regen+ Dex+6}
rElec  +         Reflect  .     m - +0 cloak
rCorr  .         Harm     .     x - +0 pair of gloves
MR     ++...                    w - +0 pair of boots
Stlth  ++++......               (no amulet)
                                d - +2 ring of protection
                                s - ring of protection from magic

@: no status effects
A: no food or potions, fire vulnerability, cold resistance 1, negative energy
resistance 3, torment resistance, unbreathing
a: Potion Petition, Call Merchant, Bribe Branch, Renounce Religion


You were on level 10 of the Dungeon.
You worshipped Gozag.
Gozag was most pleased with you.
You were not hungry.

You visited 3 branches of the dungeon, and saw 12 of its levels.
You also visited: Bailey.

You collected 2841 gold pieces.
You spent 497 gold pieces at shops.
You paid 15 gold pieces to Gozag.

Inventory:

Hand Weapons
 g - a +1 short sword of draining
 h - a +2 halberd of protection
 n - a +0 dagger of protection
 t - a +3 short sword of electrocution (weapon)
 u - a +1 spear of venom
 z - a +0 falchion of flaming
Missiles
 q - 3 curare-tipped needles
Armour
 m - a +0 cloak (worn)
 v - the +2 helmet "Qats" (worn) {*Drain rElec Regen+ Dex+6}
   (You bought it in a shop on level 9 of the Dungeon)

   It affects your dexterity (+6).
   It insulates you from electricity.
   It increases your rate of regeneration.
   It causes draining when unequipped.
 w - a +0 pair of boots (worn)
 x - a +0 pair of gloves (worn)
 F - a +0 leather armour of fire resistance (worn)
Jewellery
 d - a +2 ring of protection (right hand)
 s - a ring of protection from magic (left hand)
Wands
 l - a wand of flame (23/48)
 p - a wand of acid (7/15)
 y - a wand of scattershot (7/9)
Scrolls
 a - a scroll of enchant armour
 b - a scroll of magic mapping
 e - a scroll of remove curse
 f - 2 scrolls of immolation
 i - 4 scrolls of teleportation
 j - 2 scrolls of identify
 k - 2 scrolls of noise {unknown}
 o - a scroll of enchant weapon
 r - a scroll of fog
 A - a scroll of acquirement
Books
 c - a book of Maledictions

   Spells                             Type                      Level
   a - Corona                         Hexes                        1
   b - Ensorcelled Hibernation        Hexes/Ice                    2
   c - Confuse                        Hexes                        3
   d - Tukima's Dance                 Hexes                        3
   e - Dazzling Spray                 Conjuration/Hexes            3


   Skills:
 + Level 8.2 Fighting
 - Level 4.0 Short Blades
 - Level 10.0 Dodging
 * Level 8.4 Stealth
 + Level 8.4 Spellcasting
 * Level 8.3 Hexes


You had 18 spell levels left.
You knew the following spells:

 Your Spells              Type           Power        Failure   Level  Hunger
e - Confuse               Hex            ####....     1%          3    N/A
f - Corona                Hex            ####...      1%          1    N/A
w - Tukima's Dance        Hex            ####....     1%          3    N/A
z - Ensorcelled Hibernat  Hex/Ice        ###...       4%          2    N/A

Dungeon Overview and Level Annotations

Branches:
Dungeon (10/15)            Temple (1/1) D:4            Lair (0/6) D:8
    Orc (1/2) D:9

Altars:
Ashenzari
Cheibriados
Dithmenos
Elyvilon
Fedhas
Gozag
Hepliaklqana
Kikubaaqudgha
Makhleb
Nemelex Xobeh
Okawaru
Qazlal
Ru
Sif Muna
Trog
Uskayaw
Vehumet
Xom
Zin

Shops:
D:4 *   D:9 ([


Innate Abilities, Weirdness & Mutations

You do not eat or drink.
Your flesh is vulnerable to fire.
You are immune to poison.
Your flesh is cold resistant. (rC+)
You are immune to negative energy. (rN+++)
You are immune to unholy pain and torment.
You can survive without breathing.


Message History

You barely miss the water elemental.
The water elemental is severely damaged.
The water elemental hits you!
* * * LOW HITPOINT WARNING * * *
You hit the water elemental but do no damage.
The water elemental is severely damaged.
The water elemental misses you.
You hit the water elemental.
The water elemental is almost destroyed.
The water elemental barely misses you.
With effort, you pull free of the water engulfing you.
The water engulfing you falls away. The water elemental hits you!
* * * LOW HITPOINT WARNING * * *
You hit the water elemental but do no damage.
The water elemental is almost destroyed.
You hit the water elemental.
The water elemental is almost destroyed.
The water elemental hits you!
You die...
Your body crumbles into a pile of gold.

...##...+.............#..........
.E.##<..#........................
...##............................
..E.##...E...###.[...............
....†#.......# #.................
...†.##.E#######.................
≈.≈≈.≈#.E#..$..#........######...
≈.≈≈≈.#..#.###.#..........# ###.
≈≈≈≈≈≈#..#.# #.#@.......#.### #.
≈≈≈≈≈##..E.# #.E............## #.
≈≈≈≈≈####### ###.........)...###.
≈≈≈≈## ###.####.)∩)...... #.#
#..).%.#### #.# #......# #.#
#.......# #.# #.####### #.# #.


You could see a water elemental.

Vanquished Creatures
  Gastronok (D:9)
  Snorg (D:10)
  A hydra (D:10)
  2 two-headed ogres
  An unseen horror (D:10)
  4 lindwurms (D:8)
  An orc knight (Bailey)
  2 orc sorcerers
  A manticore (D:10)
  Maurice (D:8)
  A kobold demonologist (Bailey)
  A troll (D:8)
  Grinder (D:3)
  A hornet (D:9)
  A hippogriff (D:6)
  2 dream sheep (D:10)
  2 water elementals (D:10)
  2 yaks (D:10)
  2 wyverns
  A dancing weapon (D:6)
  2 wargs (D:9)
  A water moccasin (D:10)
  5 sky beasts
  5 ice beasts
  A black bear (D:9)
  17 orc warriors
  4 ogres
  3 phantoms
  4 wolves
  A centaur (D:10)
  5 big kobolds
  6 bullfrogs
  A scorpion (D:10)
  7 killer bees
  A howler monkey (D:9)
  7 wights
  3 electric eels (D:8)
  9 crimson imps
  A bullfrog skeleton (D:10)
  7 hounds
  7 orc priests
  2 jellies
  11 orc wizards
  2 quasits
  A gnoll shaman (D:10)
  Jessica (D:3)
  2 iguanas
  4 worker ants
  A hound zombie (D:6)
  22 gnolls
  11 adders
  A shadow imp (D:6)
  An ooze (D:2)
  An adder zombie (D:8)
  2 adder skeletons (D:9)
  A worm (D:2)
  3 dart slugs (D:1)
  8 leopard geckos
  46 orcs
  8 bats
  5 giant cockroaches
  12 goblins
  7 hobgoblins
  12 jackals
  3 quokkas
  A ball python (D:2)
  3 frilled lizards
  17 kobolds
  A leopard gecko zombie (D:5)
  5 rats
320 creatures vanquished.

Vanquished Creatures (collateral kills)
  Psyche (D:9)
  3 ogres
  Crazy Yiuf (D:3)
  A gnoll (D:4)
  A kobold (D:2)
7 creatures vanquished.

Vanquished Creatures (others)
  A dancing weapon (D:9)
  An orc (Bailey)
2 creatures vanquished.

Grand Total: 329 creatures vanquished

Notes
Turn   | Place    | Note
-------+----------+-------------------------------------------
     0 | D:1      | Amnesiac the Mummy Enchanter began the quest for the Orb.
     0 | D:1      | Reached XP level 1. HP: 13/13 MP: 4/4
   214 | D:1      | Reached XP level 2. HP: 19/19 MP: 6/6
   247 | D:2      | Learned a level 2 spell: Ensorcelled Hibernation
   371 | D:2      | Reached XP level 3. HP: 21/24 MP: 7/7
   376 | D:2      | Learned a level 3 spell: Confuse
   438 | D:3      | Noticed Jessica
   439 | D:3      | Killed Jessica
   851 | D:3      | Noticed Grinder
   912 | D:3      | Reached XP level 4. HP: 21/30 MP: 5/9
  1023 | D:3      | Learned a level 3 spell: Tukima's Dance
  1587 | D:4      | Found Vokhil's General Store.
  1743 | D:4      | Found a staircase to the Ecumenical Temple.
  1756 | Temple   | Entered the Ecumenical Temple
  1827 | Temple   | Became a worshipper of Gozag Ym Sagoz the Greedy
  1938 | D:3      | Reached skill level 1 in Short Blades
  1980 | D:3      | Found a runed door.
  2486 | D:2      | Reached XP level 5. HP: 8/35 MP: 7/11
  3651 | D:3      | Noticed Crazy Yiuf
  3655 | D:3      | Killed Crazy Yiuf
  3829 | D:3      | Paralysed by Grinder for 4 turns
  3848 | D:3      | Killed Grinder
  3848 | D:3      | Reached XP level 6. HP: 41/41 MP: 1/12
  4032 | D:4      | HP: 1/41 [orc wizard/puff of flame (9)]
  4552 | D:5      | Entered Level 5 of the Dungeon
  4692 | D:5      | Reached XP level 7. HP: 46/46 MP: 13/13
  4785 | D:5      | Reached skill level 2 in Dodging
  4858 | D:5      | Reached skill level 3 in Dodging
  5363 | D:5      | Found a hazy altar of Hepliaklqana.
  5570 | D:5      | Reached skill level 4 in Dodging
  5588 | D:6      | Reached skill level 1 in Fighting
  5699 | D:6      | Found a radiant altar of Vehumet.
  5712 | D:5      | Reached XP level 8. HP: 29/57 MP: 14/14
  6016 | D:6      | Found a blossoming altar of Fedhas.
  6018 | D:6      | Found an ancient bone altar of Kikubaaqudgha.
  6076 | D:6      | Reached skill level 5 in Fighting
  6145 | D:6      | Found a hide-covered altar of Uskayaw.
  6151 | D:6      | Found an iron altar of Okawaru.
  6152 | D:6      | Found a shimmering altar of Xom.
  6154 | D:6      | Found a hazy altar of Hepliaklqana.
  6658 | D:7      | Noticed a hippogriff
  6757 | D:6      | Killed a hippogriff
  6757 | D:6      | Reached skill level 5 in Spellcasting
  6757 | D:6      | Reached skill level 5 in Hexes
  6903 | D:6      | Reached XP level 9. HP: 64/69 MP: 16/16
  7800 | D:8      | Noticed a troll
  7905 | D:8      | Noticed Maurice
  8080 | D:8      | Killed Maurice
  8080 | D:8      | Reached skill level 5 in Dodging
  8128 | D:8      | Reached skill level 6 in Dodging
  8223 | D:8      | Found a staircase to the Lair.
  8626 | D:8      | Reached skill level 7 in Dodging
  9187 | D:7      | Reached XP level 10. HP: 21/76 MP: 0/19
  9471 | D:8      | Noticed a lindwurm
  9732 | D:8      | Noticed a lindwurm
  9738 | D:8      | Noticed a lindwurm
  9739 | D:8      | Noticed a lindwurm
  9861 | D:8      | Killed a lindwurm
  9861 | D:8      | Reached skill level 8 in Dodging
  9986 | D:8      | Killed a lindwurm
  9989 | D:8      | Killed a lindwurm
  9989 | D:8      | Reached skill level 9 in Dodging
  9993 | D:8      | Killed a lindwurm
 10579 | D:9      | Noticed Gastronok
 10711 | D:9      | Noticed Psyche
 10720 | D:9      | Killed Psyche
 10739 | D:9      | Noticed a two-headed ogre
 10806 | D:9      | Killed a two-headed ogre
 10806 | D:9      | Reached XP level 11. HP: 59/81 MP: 5/23
 10961 | D:9      | Found a deep blue altar of Sif Muna.
 10962 | D:9      | Found Baisk's Armour Shoppe.
 10964 | D:9      | Found a staircase to the Orcish Mines.
 10965 | D:9      | Found Fonuts's Weapon Shoppe.
 10973 | D:9      | Bought the +2 helmet "Qats" {*Drain rElec Regen+ Dex+6} for 497 gold pieces
 11135 | D:9      | Killed Gastronok
 11135 | D:9      | Reached skill level 10 in Dodging
 11532 | Orc:1    | Entered Level 1 of the Orcish Mines
 11532 | Orc:1    | Noticed an orc sorcerer
 11616 | D:9      | Killed an orc sorcerer
 12005 | Orc:1    | Noticed an orc knight
 12152 | D:10     | Entered Level 10 of the Dungeon
 12290 | D:10     | Noticed Snorg
 12313 | D:10     | Killed Snorg
 12313 | D:10     | Reached skill level 5 in Stealth
 12364 | D:10     | Noticed a two-headed ogre
 12373 | D:10     | Killed an unseen horror
 12377 | D:10     | Killed a two-headed ogre
 12566 | D:10     | Noticed a three-headed hydra
 12568 | D:10     | Reached XP level 12. HP: 92/92 MP: 24/24
 12585 | D:10     | Killed a one-headed hydra
 12682 | D:10     | Found a flagged portal.
 12694 | Bailey   | Entered a bailey
 12757 | Bailey   | Found an iron altar of Okawaru.
 13662 | D:10     | Slain by a water elemental

Vault maps used:
D:1:      ncdulo_halloftheorcs
D:2:      first_bread
D:3:      uniq_crazy_yiuf_cottage, uniq_grinder, uniq_jessica
D:4:      serial_shops, nicolae_shop_crystal
D:5:      basic_altar, minmay_misc_feat_secret_circle
D:6:      grunt_temple_overflow_growth_and_decay, minitemple, basic_altar
D:8:      erik_lair_island, minmay_lindwurm_lava, uniq_maurice
D:9:      overflow_temple_1_default, orc_david_3, uniq_gastronok, uniq_psyche
D:10:     enter_bailey_2, hangedman_ranch, nicolae_underground_beach, uniq_snorg
Temple:   dpeg_chambers_temple
Bailey:   bailey_axe_of_yendor_kennysheep, bailey

Skill      XL: |  1  2  3  4  5  6  7  8  9 10 11 12 |
---------------+-------------------------------------+-----
Hexes          | 3 4 5 6 8 |  8.3
Spellcasting   | 3 4 5 6 8 |  8.4
Stealth        | 3 4 7 8 |  8.4
Short Blades   | 1 4 |  4.0
Dodging        | 4 7 9 10 | 10.0
Fighting       | 2 6 8 |  8.2

Action                   |  1- 3 |  4- 6 |  7- 9 | 10-12 || total
-------------------------+-------+-------+-------+-------++-------
Melee: Dagger            |    53 |       |       |       ||    53
       Short sword       |    12 |   129 |    44 |   708 ||   893
       Halberd           |       |    36 |   429 |       ||   465
       Spear             |       |       |    58 |       ||    58
       Falchion          |       |       |       |    14 ||    14
 Cast: Corona            |     1 |     1 |       |       ||     2
       Ensorcelled Hiber |     6 |       |       |       ||     6
       Confuse           |     1 |     8 |    40 |    83 ||   132
       Tukima's Dance    |       |     3 |     6 |    11 ||    20
Invok: Potion Petition   |       |       |       |     1 ||     1
  Use: Scroll            |       |       |     8 |     6 ||    14
 Stab: Sleeping          |    12 |       |     9 |     5 ||    26
       Distracted        |       |     2 |     1 |     6 ||     9
       Confused          |       |       |    10 |    26 ||    36
       Invisible         |       |       |       |     2 ||     2
Armor: Robe              |    13 |    21 |       |       ||    34
       Ring mail         |       |    35 |   262 |   157 ||   454
       Leather armour    |       |       |       |     2 ||     2
Dodge: Dodged            |    61 |   115 |   381 |   615 ||  1172
       Rpst.: Falchion   |       |       |       |     6 ||     6
